 Dungeon Crawl Stone Soup version 0.28-a0-503-g83f2989fac (webtiles) character file.

Game seed: 7507090017076225342

200 siradein the Shield-Bearer (level 5, -13/34 HPs)
             Began as a Gargoyle Fighter on Sept 20, 2021.
             Mangled by an ogre (16 damage)
             ... on level 3 of the Dungeon.
             The game lasted 00:04:12 (2971 turns).

siradein the Shield-Bearer (Gargoyle Fighter)       Turns: 2971, Time: 00:04:12

Health: -13/34     AC: 18    Str: 19    XL:     5   Next: 79%
Magic:  5/5        EV:  5    Int:  9    God:
Gold:   158        SH:  4    Dex: 10    Spells: 4/4 levels left

rFire   . . .      SeeInvis .   i - +0 morningstar
rCold   . . .      Faith    .   c - +0 buckler
rNeg    + + .      Spirit   .   k - +0 plate armour
rPois   ∞          Reflect  .   j - +0 helmet
rElec   +          Harm     .   e - +0 cloak
rCorr   .          Rampage  .   (no gloves)
Will    .....                   (no boots)
Stlth   ..........              (no amulet)
HPRegen 0.11/turn               f - ring of positive energy
MPRegen 0.09/turn               (no ring)

@: no status effects
A: sickness immunity, AC +4, negative energy resistance 1, electricity
resistance, torment resistance 1, petrification resistance
a: no special abilities


You were on level 3 of the Dungeon.
You visited 1 branch of the dungeon, and saw 3 of its levels.

You collected 158 gold pieces.

Inventory:

Hand Weapons
 i - a +0 morningstar (weapon)
Missiles
 b - 4 atropa-tipped darts (quivered)
Armour
 c - a +0 buckler (worn)
 e - a +0 cloak (worn)
 j - a +0 helmet (worn)
 k - a +0 plate armour (worn)
Jewellery
 f - a ring of positive energy (left hand)
Scrolls
 a - a scroll of teleportation {unknown}
 g - a scroll of vulnerability {unknown}
 h - 2 scrolls of amnesia {unknown}
 l - a scroll of identify {unknown}
Potions
 d - 3 potions of might


   Skills:
 + Level 4.4 Fighting
 + Level 3.3 Maces & Flails
 + Level 4.4 Armour
 + Level 4.4 Shields


You had 4 spell levels left.
You didn't know any spells.
Your spell library was empty.

Dungeon Overview and Level Annotations

Branches:
Dungeon (3/15)

Altars:

Shops:
D:2 (   D:3 *

Annotations:
D:2 Grinder


Innate Abilities, Weirdness & Mutations

You are immune to sickness and miasma.
Your stone body is resilient. (AC +4)
You are immune to poison.
You resist negative energy. (rN+)
You are resistant to electric shocks. (rElec)
You are resistant to unholy torment.
You are immune to petrification.


Message History

An endoplasm comes into view.
The endoplasm quivers.
An endoplasm is nearby!
An endoplasm is nearby!
An endoplasm is nearby!
An endoplasm is nearby!
The endoplasm barely misses you.
You hit the endoplasm but do no damage. The endoplasm barely misses you.
You puncture the endoplasm!
You kill the endoplasm!
No target in view!
No target in view!
No target in view!
Found a ring mail.
An ogre comes into view. It is wielding a +0 giant club.
The ogre shouts!
An ogre is nearby!
An ogre is nearby!
An ogre is nearby!
An ogre is nearby!
You barely miss the ogre. The ogre hits you with a +0 giant club.
You hit the ogre.
The ogre is lightly wounded.
You block the ogre's attack.
You barely miss the ogre.
The ogre is lightly wounded.
The ogre hits you with a +0 giant club!!
Ouch! That really hurt!
You are too injured to fight recklessly!
You are too injured to fight recklessly!
You are too injured to fight recklessly!
You see here a +0 chain mail.
You enter the shallow water.
Moving in this stuff is going to be slow.
The ogre hits you with a +0 giant club!
* * * LOW HITPOINT WARNING * * *
The ogre hits you but does no damage.
Found a fizzy clear potion.
The ogre hits you with a +0 giant club!
You die...

##....# ≈#..... ≈≈.P...
≈P≈≈≈..... ##. !# ≈≈≈P≈≈....##..
.# ≈≈≈≈≈≈.≈......### .#
.≈≈≈≈≈≈P...≈....##.#######.
.≈P≈≈≈≈≈≈≈≈≈≈≈P.................
.≈≈≈≈≈≈≈≈≈≈≈≈P≈≈@≈.≈≈≈≈.........
.≈P≈≈≈≈≈≈≈≈≈≈≈≈≈O.≈≈≈≈≈≈P≈≈...##
....≈.P≈≈≈≈≈≈≈≈≈≈≈≈≈≈≈≈≈≈≈≈≈≈≈≈≈
##....≈≈≈≈≈≈≈≈≈≈≈≈P≈≈≈≈≈≈≈≈≈≈≈≈≈
##...≈P≈.≈≈≈≈≈P≈≈≈≈P≈≈≈P≈≈≈≈≈≈≈
##...)...)..≈.).[..≈≈.≈.P≈≈###
#.#####......................
#.# ##.#....#...###..#.######
#.. ...............>...# #.


You could see an ogre.

Vanquished Creatures
  A black bear (D:3)
  5 adders (D:2)
  2 worms (D:2)
  2 dart slugs
  7 ball pythons
  5 bats
  8 endoplasms
  8 goblins
  3 hobgoblins
  2 jackals (D:2)
  3 quokkas
  3 frilled lizards (D:1)
  5 kobolds (D:1)
  11 rats
65 creatures vanquished.

Notes
Turn   | Place    | Note
-------+----------+-------------------------------------------
     0 | D:1      | siradein the Gargoyle Fighter began the quest for the Orb.
     0 | D:1      | Reached XP level 1. HP: 14/14 MP: 1/1
   226 | D:1      | Reached XP level 2. HP: 19/19 MP: 2/2
   536 | D:1      | Reached XP level 3. HP: 21/23 MP: 3/3
  1056 | D:2      | Reached XP level 4. HP: 23/29 MP: 4/4
  1403 | D:2      | Found Zaluapp's Weapon Emporium.
  2181 | D:3      | Found Syeme Duvey's Assorted Antiques.
  2211 | D:3      | Noticed Grinder
  2222 | D:3      | Paralysed by Grinder for 2 turns
  2242 | D:2      | Paralysed by Grinder for 3 turns
  2247 | D:2      | Paralysed by Grinder for 3 turns
  2777 | D:3      | Noticed a black bear
  2781 | D:3      | Killed a black bear
  2782 | D:3      | Reached XP level 5. HP: 29/34 MP: 5/5
  2911 | D:3      | Noticed an ogre
  2971 | D:3      | Mangled by an ogre

Illustrated notes

Levels and vault maps discovered:
D:1:      roderic_octagonal_star, layout_basic
D:2:      minmay_general_purpose_star, layout_basic, serial_shops,
          shop_fountains
D:3:      layout_loops_ring, serial_shops, shop, serial_bayou_pond_d,
          chequers_big_river, uniq_grinder

Skill      XL: |  1  2  3  4 |
---------------+-------------+-----
Fighting       | 4 |  4.4
Armour         | 4 |  4.4
Shields        | 4 |  4.4
Maces & Flails | 3 |  3.3

Action                   |  1- 3 |  4- 6 || total
-------------------------+-------+-------++-------
Melee: Flail             |    97 |    64 ||   161
       Morningstar       |       |    67 ||    67
Armor: Scale mail        |    68 |    72 ||   140
       Plate armour      |       |    43 ||    43
Dodge: Dodged            |    57 |    68 ||   125
Block: Buckler           |    25 |    35 ||    60

Table legend: (Time is in decaauts)
 A = Elapsed time spent in this place.
 B = Non-inter-level travel time spent in this place.
 C = Inter-level travel time spent in this place.
 D = Time resting spent in this place.
 E = Time spent auto-exploring this place.
 F = Levels seen in this place.
 G = Mean time per level.
                   A        B        C        D        E       F      G
               +--------+--------+--------+--------+--------+-----+--------+
         Total |   3045 |   2985 |     60 |    290 |   2027 |   3 | 1015.0 |
       Dungeon |   3045 |   2985 |     60 |    290 |   2027 |   3 | 1015.0 |
               +--------+--------+--------+--------+--------+-----+--------+

Top non-repeatable levels by time:
     D:2: 1242 daAuts
     D:1: 1026 daAuts
     D:3: 777 daAuts
